BSA
NASSAU ROCKETS @ JERSEY SHORE D-BAGS
04/07/2024
 
TOP OF THE 1ST
Nassau Rockets batting - Pitching for Jersey Shore D-Bags : RHP José Ramos
Pitching: RHP José Ramos
Batting: SHB Howard Parker 0-0: Foul Ball, location: 2F
0-1: Bunt for hit - play at first, batter OUT! 3-4
Batting: LHB Alden Lindsey 0-0: Ball
1-0: Bunt for hit - play at first, batter OUT! 1-3
Batting: RHB Sadayoshi Kato 0-0: Ball
1-0: Foul Ball, location: 2F
1-1: SINGLE (Groundball, 25) (infield hit)
Batting: RHB Felipe Rivera 0-0: Swinging Strike
0-1: Swinging Strike
0-2: Foul Ball, location: 2F
0-2: Ball
1-2: Ball
2-2: Foul Ball, location: 2F
2-2: Fly out, F9 (Flyball, 9D)
Top of the 1st over - 0 run(s), 1 hit(s), 0 error(s), 1 left on base; Nassau 0 - Jersey Shore 0
BOTTOM OF THE 1ST
Jersey Shore D-Bags batting - Pitching for Nassau Rockets : RHP Valentín Luna
Pitching: RHP Valentín Luna
Batting: RHB Orlando Bruno 0-0: Called Strike
0-1: Ground out 6-3 (Groundball, 6M)
Batting: RHB Ricardo González 0-0: Ball
1-0: Called Strike
1-1: Ball
2-1: Foul Ball, location: 2F
2-2: Ball
3-2: Ground out 6-3 (Groundball, 6D)
Batting: LHB Mike Bryant 0-0: Ball
1-0: Foul Ball, location: 2F
1-1: Foul Ball, location: 2F
1-2: Ball
2-2: Foul Ball, location: 2F
2-2: Strikes out looking
Bottom of the 1st over - 0 run(s), 0 hit(s), 0 error(s), 0 left on base; Nassau 0 - Jersey Shore 0
TOP OF THE 2ND
Nassau Rockets batting - Pitching for Jersey Shore D-Bags : RHP José Ramos
Batting: SHB Suezo Sugimoto 0-0: Ground out 1-3 (Groundball, 15S)
Batting: RHB Victor Antelo 0-0: Ground out 4-3 (Groundball, 4)
Batting: LHB Oscar Fairchild 0-0: Ball
1-0: Called Strike
1-1: Foul Ball, location: 2F
1-2: Foul Ball, location: 2F
1-2: Strikes out swinging
Top of the 2nd over - 0 run(s), 0 hit(s), 0 error(s), 0 left on base; Nassau 0 - Jersey Shore 0
BOTTOM OF THE 2ND
Jersey Shore D-Bags batting - Pitching for Nassau Rockets : RHP Valentín Luna
Batting: LHB Dave Dodd 0-0: Ground out 4-3 (Groundball, 4)
Batting: SHB Tadahisa Kisuki 0-0: Called Strike
0-1: Ball
1-1: Ball
2-1: DOUBLE (Groundball, 5L)
Batting: LHB Armando Macías 0-0: Ball
1-0: Ball
2-0: Foul Ball, location: 2F
2-1: DOUBLE (Groundball, 5L)
Tadahisa Kisuki scores
Batting: LHB Ricardo Berroa 0-0: Ball
1-0: Foul Ball, location: 2F
1-1: Swinging Strike
1-2: Ground out 4-3 (Groundball, 13)
Armando Macías to third
Batting: RHB Gerardo Escobedo 0-0: Ball
1-0: Foul Ball, location: 2F
1-1: Foul Ball, location: 2F
1-2: Foul Ball, location: 2F
1-2: Ground out 4-3 (Groundball, 4)
Bottom of the 2nd over - 1 run(s), 2 hit(s), 0 error(s), 1 left on base; Nassau 0 - Jersey Shore 1
TOP OF THE 3RD
Nassau Rockets batting - Pitching for Jersey Shore D-Bags : RHP José Ramos
Batting: RHB José Hernández 0-0: Called Strike
0-1: Ball
1-1: Ball
2-1: Called Strike
2-2: Fly out, F3 (Popup, 3L)
Batting: LHB Felipe Cruz 0-0: Called Strike
0-1: Ball
1-1: Ground out U3 (Groundball, 3)
Batting: SHB Howard Parker 0-0: Called Strike
0-1: Ball
1-1: SINGLE (Line Drive, 6MD)
Batting: LHB Alden Lindsey 0-0: Fly out, F5 (Popup, 5D)
Top of the 3rd over - 0 run(s), 1 hit(s), 0 error(s), 1 left on base; Nassau 0 - Jersey Shore 1
BOTTOM OF THE 3RD
Jersey Shore D-Bags batting - Pitching for Nassau Rockets : RHP Valentín Luna
Batting: RHB Cy Keynes 0-0: Ball
1-0: Ball
2-0: Ball
3-0: Base on Balls
Batting: RHB Orlando Bruno 0-0: Ball
1-0: Ball
Wild Pitch!
Cy Keynes to second
2-0: Called Strike
2-1: Ball
3-1: Base on Balls
Batting: RHB Ricardo González 0-0: Ball
1-0: Foul Ball, location: 2F
1-1: Ball
Wild Pitch!
Cy Keynes to third
Orlando Bruno to second
2-1: Foul Ball, location: 2F
2-2: Fly out, F9 (Flyball, 9S)
Batting: LHB Mike Bryant 0-0: Called Strike
0-1: Foul Ball, location: 2F
0-2: Ball
1-2: SINGLE (Groundball, 56D)
Cy Keynes scores
Orlando Bruno to third
Runner from 3rd tries for Home, SAFE, no throw or cutoff
Batting: LHB Dave Dodd 0-0: Ball
1-0: SINGLE (Groundball, 4)
Mike Bryant to second
Mike Bryant to third
Batting: SHB Tadahisa Kisuki 0-0: Called Strike
0-1: Ball
1-1: Ball
2-1: SINGLE (Groundball, 6MD)
Mike Bryant scores
Dave Dodd to second
Batting: LHB Armando Macías 0-0: Called Strike
0-1: Called Strike
0-2: Foul Ball, location: 2F
0-2: Foul Ball, location: 2F
0-2: Ball
1-2: Foul Ball, location: 2F
1-2: DOUBLE (Groundball, 3L)
Dave Dodd scores
Tadahisa Kisuki to third
Runner from 3rd tries for Home, SAFE, throw made home
Batting: LHB Ricardo Berroa 0-0: Ball
1-0: Ball
2-0: Called Strike
2-1: 2-RUN HOME RUN (Flyball, 9D), Distance : 375 ft
Pitching: RHP Juan Franco
Batting: RHB Gerardo Escobedo 0-0: Called Strike
0-1: Fly out, F8 (Flyball, 8LS)
Batting: RHB Cy Keynes 0-0: Ball
1-0: Ball
2-0: Foul Ball, location: 2F
2-1: Called Strike
2-2: SINGLE (Groundball, 56D)
Batting: RHB Orlando Bruno 0-0: Ground out 6-3 (Groundball, 6)
Bottom of the 3rd over - 7 run(s), 6 hit(s), 0 error(s), 1 left on base; Nassau 0 - Jersey Shore 8
TOP OF THE 4TH
Nassau Rockets batting - Pitching for Jersey Shore D-Bags : RHP José Ramos
Batting: RHB Sadayoshi Kato 0-0: Foul Ball, location: 2F
0-1: Ball
1-1: Ball
2-1: Ball
3-1: Base on Balls
Batting: RHB Felipe Rivera 0-0: Ball
1-0: Called Strike
1-1: Ball
2-1: Ground out 3-1 (Groundball, 34S)
Sadayoshi Kato to second
Batting: SHB Suezo Sugimoto 0-0: Ball
1-0: Foul Ball, location: 2F
1-1: Ground out 5-3 (Groundball, 56)
Batting: RHB Victor Antelo 0-0: Foul Ball, location: 2F
0-1: Ball
1-1: Ground out 4-3 (Groundball, 4)
Top of the 4th over - 0 run(s), 0 hit(s), 0 error(s), 1 left on base; Nassau 0 - Jersey Shore 8
BOTTOM OF THE 4TH
Jersey Shore D-Bags batting - Pitching for Nassau Rockets : RHP Juan Franco
Batting: RHB Ricardo González 0-0: Called Strike
0-1: Ball
1-1: Called Strike
1-2: Foul Ball, location: 2F
1-2: Ground out 5-3 (Groundball, 5)
Batting: LHB Mike Bryant 0-0: Ball
1-0: Called Strike
1-1: Foul Ball, location: 2F
1-2: SINGLE (Line Drive, 7S)
Batting: LHB Dave Dodd 0-0: Ball
1-0: Swinging Strike
1-1: Ball
2-1: Foul Ball, location: 2F
2-2: Foul Ball, location: 2F
2-2: Ball
3-2: Foul Ball, location: 2F
3-2: DOUBLE (Line Drive, 56D)
Mike Bryant to third
Batting: SHB Tadahisa Kisuki 0-0: Ball
1-0: Called Strike
1-1: Swinging Strike
1-2: Foul Ball, location: 2F
1-2: Strikes out swinging
Batting: LHB Armando Macías 0-0: Ball
1-0: Called Strike
1-1: Swinging Strike
1-2: Strikes out swinging
Bottom of the 4th over - 0 run(s), 2 hit(s), 0 error(s), 2 left on base; Nassau 0 - Jersey Shore 8
TOP OF THE 5TH
Nassau Rockets batting - Pitching for Jersey Shore D-Bags : RHP José Ramos
Batting: LHB Oscar Fairchild 0-0: Ball
1-0: SINGLE (Line Drive, 8LS)
Batting: RHB José Hernández 0-0: Called Strike
0-1: Ball
1-1: Ball
2-1: Fly out, F9 (Line Drive, 9LD)
Batting: LHB Felipe Cruz 0-0: Ball
1-0: Called Strike
1-1: Called Strike
1-2: Ball
2-2: Ball
3-2: Foul Ball, location: 2F
3-2: Foul Ball, location: 2F
3-2: Strikes out swinging
Batting: SHB Howard Parker 0-0: Called Strike
Oscar Fairchild steals 2nd base
0-1: Ball
1-1: Fly out, F7 (Flyball, 7LS)
Top of the 5th over - 0 run(s), 1 hit(s), 0 error(s), 1 left on base; Nassau 0 - Jersey Shore 8
BOTTOM OF THE 5TH
Jersey Shore D-Bags batting - Pitching for Nassau Rockets : RHP Juan Franco
Batting: LHB Ricardo Berroa 0-0: Called Strike
0-1: Called Strike
0-2: Ground out 6-3 (Groundball, 6)
Batting: RHB Gerardo Escobedo 0-0: Called Strike
0-1: Called Strike
0-2: DOUBLE (Line Drive, 8LM)
Batting: RHB Cy Keynes 0-0: Called Strike
0-1: Swinging Strike
0-2: Foul Ball, location: 2F
0-2: Ground out 6-3 (Groundball, 6M)
Gerardo Escobedo to third
Batting: RHB Orlando Bruno 0-0: Fly out, F9 (Flyball, 9S)
Bottom of the 5th over - 0 run(s), 1 hit(s), 0 error(s), 1 left on base; Nassau 0 - Jersey Shore 8
TOP OF THE 6TH
Nassau Rockets batting - Pitching for Jersey Shore D-Bags : RHP José Ramos
Batting: LHB Alden Lindsey 0-0: Called Strike
0-1: Swinging Strike
0-2: Ball
1-2: Strikes out swinging
Batting: RHB Sadayoshi Kato 0-0: Ball
1-0: Foul Ball, location: 2F
1-1: Foul Ball, location: 2F
1-2: Strikes out looking
Batting: RHB Felipe Rivera 0-0: Called Strike
0-1: Foul Ball, location: 2F
0-2: Ball
1-2: Ball
2-2: Ball
3-2: Fly out, F7 (Flyball, 78S)
Top of the 6th over - 0 run(s), 0 hit(s), 0 error(s), 0 left on base; Nassau 0 - Jersey Shore 8
BOTTOM OF THE 6TH
Jersey Shore D-Bags batting - Pitching for Nassau Rockets : RHP Juan Franco
Batting: RHB Ricardo González 0-0: Ball
1-0: Ball
2-0: Ball
3-0: Called Strike
3-1: Base on Balls
Pitching: RHP Ramiro Piña
Batting: LHB Mike Bryant 0-0: Ball
1-0: Called Strike
1-1: Grounds into double play, 4-6-3 (Groundball, 4)
Batting: LHB Dave Dodd 0-0: Ball
1-0: Foul Ball, location: 2F
1-1: Ground out 4-3 (Groundball, 4M)
Bottom of the 6th over - 0 run(s), 0 hit(s), 0 error(s), 0 left on base; Nassau 0 - Jersey Shore 8
TOP OF THE 7TH
Nassau Rockets batting - Pitching for Jersey Shore D-Bags : RHP José Ramos
Batting: SHB Suezo Sugimoto 0-0: Ground out 5-3 (Groundball, 56)
Batting: RHB Victor Antelo 0-0: Foul Ball, location: 2F
0-1: Ball
1-1: Foul Ball, location: 2F
1-2: Strikes out looking
Batting: LHB Oscar Fairchild 0-0: Foul Ball, location: 2F
0-1: Ball
1-1: Ground out 6-3 (Groundball, 6M)
Top of the 7th over - 0 run(s), 0 hit(s), 0 error(s), 0 left on base; Nassau 0 - Jersey Shore 8
BOTTOM OF THE 7TH
Jersey Shore D-Bags batting - Pitching for Nassau Rockets : RHP Ramiro Piña
Batting: SHB Tadahisa Kisuki 0-0: Ground out 4-3 (Groundball, 34)
Batting: LHB Armando Macías 0-0: Foul Ball, location: 2F
0-1: Ball
1-1: Swinging Strike
1-2: Ball
2-2: DOUBLE (Flyball, 7LD)
Batting: LHB Ricardo Berroa 0-0: Ball
1-0: Ball
2-0: Called Strike
2-1: Foul Ball, location: 2F
2-2: Foul Ball, location: 2F
2-2: Ball
3-2: Strikes out swinging
Batting: RHB Gerardo Escobedo 0-0: Ball
1-0: Swinging Strike
1-1: Swinging Strike
1-2: Ball
2-2: Strikes out swinging
Bottom of the 7th over - 0 run(s), 1 hit(s), 0 error(s), 1 left on base; Nassau 0 - Jersey Shore 8
TOP OF THE 8TH
Nassau Rockets batting - Pitching for Jersey Shore D-Bags : RHP José Ramos
Now in RF: Lawrence Yates
Batting: RHB José Hernández 0-0: Swinging Strike
0-1: Called Strike
0-2: Foul Ball, location: 2F
0-2: Ball
1-2: Ball
2-2: Foul Ball, location: 2F
2-2: Foul Ball, location: 2F
2-2: Strikes out swinging
Batting: LHB Felipe Cruz 0-0: Ball
1-0: Swinging Strike
1-1: Foul Ball, location: 2F
1-2: Ball
2-2: Foul Ball, location: 2F
2-2: Strikes out looking
Batting: SHB Howard Parker 0-0: SINGLE (Groundball, 4MD) (infield hit)
Batting: LHB Alden Lindsey 0-0: Ball
1-0: Ball
2-0: Foul Ball, location: 2F
2-1: Swinging Strike
2-2: Foul Ball, location: 2F
2-2: Foul Ball, location: 2F
2-2: Strikes out swinging
Top of the 8th over - 0 run(s), 1 hit(s), 0 error(s), 1 left on base; Nassau 0 - Jersey Shore 8
BOTTOM OF THE 8TH
Jersey Shore D-Bags batting - Pitching for Nassau Rockets : RHP Ramiro Piña
Pitching: RHP José García
Batting: RHB Cy Keynes 0-0: Called Strike
0-1: Ground out 5-3 (Groundball, 5S)
Pinch Hitting: RHB John Moore 0-0: Ground out 4-3 (Groundball, 4)
Batting: RHB Ricardo González 0-0: Ball
1-0: Fly out, F9 (Flyball, 9D)
Bottom of the 8th over - 0 run(s), 0 hit(s), 0 error(s), 0 left on base; Nassau 0 - Jersey Shore 8
TOP OF THE 9TH
Nassau Rockets batting - Pitching for Jersey Shore D-Bags : RHP José Ramos
Now at 2B: John Moore
Pinch Hitting: LHB Wilson Allen 0-0: Called Strike
0-1: Foul Ball, location: 2F
0-2: Strikes out swinging
Batting: RHB Felipe Rivera 0-0: Called Strike
0-1: Ball
1-1: Ball
2-1: Ball
3-1: Ground out 4-3 (Groundball, 4)
Batting: SHB Suezo Sugimoto 0-0: Called Strike
0-1: Foul Ball, location: 2F
0-2: Ground out U3 (Groundball, 3S)
Top of the 9th over - 0 run(s), 0 hit(s), 0 error(s), 0 left on base; Nassau 0 - Jersey Shore 8
This league is powered by Out of the Park Baseball, the baseball management simulation game for PC, Mac and Linux
Saturday, April 9th, 2016 - OOTP Baseball 16.8 Build 38